 Seeded DCSS version 0.30.1-11-g7821555f0a (webtiles) character file.

Game seed: 5 (custom seed)

221 Kazon the Trooper (level 6, 0/48 HPs)
             Began as a Human Fighter on Nov 6, 2023.
             Was an Initiate of Okawaru.
             Slain by Sigmund
             ... wielding a +0 scythe
              (8 damage)
             ... on level 4 of the Dungeon.
             The game lasted 00:07:38 (2223 turns).

Kazon the Trooper (Human Fighter)                   Turns: 2223, Time: 00:07:39

Health: 0/48       AC:  8    Str: 18    XL:     6   Next: 18%
Magic:  15/15      EV: 10    Int:  8    God:    Okawaru [......]
Gold:   163        SH:  0    Dex: 18    Spells: 5/5 levels left

rFire   + . .        c - +1 great mace "Joujuuwk" {flame, Fragile rF+ Dex+5 Stlth+}
rCold   . . .        (shield currently unavailable)
rNeg    . . .        b - +0 scale mail
rPois   .            l - +0 helmet
rElec   .            (no cloak)
rCorr   .            (no gloves)
SInv    .            (no boots)
Will    .....        (no amulet)
Stlth   +            r - ring of magical power
HPRegen 0.28/turn    (no ring)
MPRegen 0.14/turn

%: no passive effects
@: confused
A: no striking features
a: Renounce Religion


You were on level 4 of the Dungeon.
You worshipped Okawaru.
Okawaru was noncommittal.
You visited 2 branches of the dungeon, and saw 5 of its levels.

You collected 163 gold pieces.

Inventory:

Hand Weapons
 a - a +0 war axe
 c - the +1 great mace "Joujuuwk" (weapon) {flame, Fragile rF+ Dex+5 Stlth+}
   (You acquired it on level 1 of the Dungeon)

   Dex:       It affects your dexterity (+5).
   rF:        It protects you from fire.
   Fragile:   It will be destroyed if unequipped.
   Stlth:     It makes you more stealthy.
 s - a +2 vampiric dagger
 y - a +0 hand axe of flaming
Missiles
 e - 10 stones (quivered)
 k - 3 boomerangs
 w - 5 poisoned darts
Armour
 b - a +0 scale mail (worn)
 i - a +0 tower shield
 l - a +0 helmet (worn)
Jewellery
 r - a ring of magical power (left hand)
Wands
 z - a wand of paralysis (8)
Scrolls
 f - a scroll of fog {unknown}
 m - a scroll of teleportation {unknown}
 n - a scroll of summoning {unknown}
 o - 2 scrolls of identify {unknown}
 p - a scroll of blinking {unknown}
 q - a scroll of magic mapping {unknown}
 x - a scroll of torment {unknown}
Potions
 d - a potion of might
 g - a potion of magic {unknown}
 h - a potion of resistance {unknown}
 j - 3 potions of curing {unknown}
 t - a potion of flight {unknown}
 u - a potion of berserk rage {unknown}
 v - a potion of invisibility {unknown}


   Skills:
 + Level 3.7 Fighting
 + Level 2.4(3.2) Axes
 + Level 3.0(3.4) Maces & Flails
 * Level 1.6 Throwing
 + Level 3.5 Armour
 + Level 1.0 Dodging
 + Level 0.5 Stealth
 + Level 3.2 Shields
 * Level 1.0 Invocations


You had 5 spell levels left.
You didn't know any spells.
Your spell library contained the following spells:

 Spells                   Type           Power      Damage    Failure   Level
 Frozen Ramparts          Ice            0%         1d1       99%         3
 Ice Form                 Ice/Tmut       0%         N/A       100%        4
 Summon Ice Beast         Ice/Summ       Unusable   N/A       N/A         4

Dungeon Overview and Level Annotations

Branches:
Dungeon (4/15)             Temple (1/1) D:4

Altars:
Dithmenos
Fedhas
Gozag
Hepliaklqana
Okawaru
Qazlal
Trog
Uskayaw
Wu Jian
The Shining One

Annotations:
D:4 Sigmund


Message History

The ancestor shouts!
Found a shadowy altar of Dithmenos.
z - a wand of paralysis (8)
Items here: ))) [[ †††.
Sigmund the Dreaded comes into view.
He is wielding a +0 scythe.
Sigmund shouts!
Sigmund moves out of view.
Sigmund gestures at you while chanting.
You are confused.
You hit Sigmund. You burn Sigmund.
Sigmund is lightly wounded.
Sigmund points at you and mumbles some strange words.
You resist with some effort.
Sigmund mumbles some strange words.
Sigmund flickers and vanishes!
Deactivating autopickup; reactivate with Ctrl-A.
You're too confused to move!
Something hits you but does no damage. Something hits you!
You closely miss something.
You feel less confused. Something hits you but does no damage.
You closely miss something. Something hits you.
You hit something. You burn something. Something completely misses you.
You sock something! You burn something. Something hits you.
You miss something.
You hear some strange, mumbled words.
You are confused.
You completely miss something. Something hits you.
You barely miss something. Something hits you! Something hits you.
You feel less confused. Something hits you but does no damage.
You closely miss something. Something hits you.
You miss something.
You hear some strange, mumbled words.
You are confused.
You miss something. Something hits you!
* * * LOW HITPOINT WARNING * * *
Something hits you!
You die...

##### ##...
##########...
###........#..#
.......@...#..# #.
........{..#..# #.
........####..####### #.
..................... ..
###......###..##.#### #.
#......###..##.######.
#.....>..............#.
..............##.####.#.
....###..##...##........


There were no monsters in sight!

Vanquished Creatures
  A black bear (D:4)
  4 adders
  3 worms
  6 orcs
  4 bats
  9 endoplasms
  A giant cockroach (D:1)
  12 goblins
  6 hobgoblins
  11 jackals
  3 kobolds
  5 ball pythons
  3 frilled lizards
  4 rats
72 creatures vanquished.

Notes
Turn   | Place    | Note
-------+----------+-------------------------------------------
     0 | D:1      | Kazon the Human Fighter began the quest for the Orb.
     0 | D:1      | Reached XP level 1. HP: 18/18 MP: 1/1
    53 | D:1      | Identified a scroll of acquirement
    53 | D:1      | Acquired the +1 great mace "Joujuuwk" {flame, Fragile rF+
                  | Dex+5 Stlth+}
   112 | D:1      | Reached XP level 2. HP: 24/24 MP: 2/2
   186 | D:1      | Reached XP level 3. HP: 22/29 MP: 3/3
   843 | D:2      | Reached skill level 1 in Maces & Flails
   850 | D:2      | Reached XP level 4. HP: 28/35 MP: 4/4
  1289 | D:2      | Reached skill level 1 in Dodging
  1325 | D:2      | Reached XP level 5. HP: 35/41 MP: 5/5
  1608 | D:3      | Found a blossoming altar of Fedhas.
  1622 | D:3      | Reached skill level 1 in Throwing
  1727 | D:3      | Found a stormy altar of Qazlal.
  1855 | D:3      | Found a faded altar of an unknown god.
  1995 | D:3      | Identified the +2 sling "Qeuhanocyt" {speed, rElec Str-3
                  | Dex+2}
  2069 | D:4      | Found a staircase to the Ecumenical Temple.
  2077 | Temple   | Entered the Ecumenical Temple
  2091 | Temple   | Became a worshipper of Warmaster Okawaru
  2144 | D:4      | Noticed a black bear
  2160 | D:4      | Killed a black bear
  2161 | D:4      | Reached skill level 1 in Invocations
  2161 | D:4      | Reached XP level 6. HP: 33/48 MP: 6/6
  2165 | D:4      | Found a hazy altar of Hepliaklqana.
  2166 | D:4      | Found a shadowy altar of Dithmenos.
  2166 | D:4      | Noticed a shadow
  2205 | D:4      | Noticed Sigmund
  2223 | D:4      | Slain by Sigmund

Illustrated notes

Levels and vault maps discovered:
D:1:      ebering_trefoil_3fold, layout_basic, st_stairs_14, serial_bayou_ford_a
D:2:      layout_basic, hangedman_decor_growths, minmay_close_crescents
D:3:      layout_rooms, mainiacjoe_overflow_concentric_impassable,
          mainiacjoe_overflow_paths, shapermc_ecumenical_altar_acropolis,
          chequers_serial_rivers_micro_b
D:4:      layout_basic, riverfiend_overflow_shadow_ancestor,
          minmay_temple_entry_glass, uniq_sigmund
Temple:   nicolae_temple_elliptical

Skill      XL: |  1  2  3  4  5 |
---------------+----------------+-----
Maces & Flails | 1 3 |  3.0
Dodging        | 1 |  1.0
Throwing       | 1 |  1.6
Invocations    | 1 |  1.0
Fighting       | |  3.7
Axes           | |  2.4
Armour         | |  3.5
Stealth        | |  0.5
Shields        | |  3.2

Action                     |  1- 3 |  4- 6 || total
---------------------------+-------+-------++-------
  Melee: War axe           |    28 |       ||    28
         Great mace        |    62 |   104 ||   166
  Throw: Stone             |       |     6 ||     6
    Use: Scroll            |     2 |       ||     2
   Stab: Sleeping          |     2 |     2 ||     4
 Armour: Scale mail        |    47 |    46 ||    93
  Dodge: Dodged            |    55 |    49 ||   104
  Block: Buckler           |    12 |       ||    12
